 Dungeon Sprint DCSS version 0.29-a0-813-g4a14ea37d6 (webtiles) character file.

Game seed: 18052202731131981804

43601 mhtbhm the Ninja (level 13, -14/63 HPs)
             Began as a Spriggan Enchanter on July 4, 2022.
             Was an Initiate of Gozag.
             Demolished by a spriggan berserker
             ... wielding a +2 antimagic war axe
              (41 damage)
             ... in the Dungeon (Sprint IX: "|||||||||||||||||||||||||||||").
             The game lasted 00:15:17 (4825 turns).

mhtbhm the Ninja (Spriggan Enchanter)               Turns: 4825, Time: 00:15:18

Health: -14/63     AC: 11    Str:  8    XL:     13   Next: 91%
Magic:  23/39      EV: 27    Int: 21    God:    Gozag
Gold:   5713       SH:  5    Dex: 18    Spells: 41/55 levels left

rFire   . . .      SeeInvis +   a - +11 short sword "Goblinslayer" {flame, rC+ rN+ Str+2}
rCold   + + +      Faith    .   (no shield)
rNeg    + . .      Spirit   .   b - +2 robe {Will+}
rPois   +          Reflect  +   (helmet restricted)
rElec   .          Harm     .   s - +2 cloak {rPois}
rCorr   .          Rampage  .   (gloves unavailable)
Will    +++..      NoTele   +   (boots unavailable)
Stlth   ++++++++++              l - amulet of reflection
HPRegen 0.20/turn               k - ring of Netwuos {Int+4 Slay+4}
MPRegen 0.26/turn               C - ring of the Sturgeon {rPois rC++ AC+4}

@: hasted, very quick
A: very small, no large weapons, unfitting armour, see invisible, speed 3
a: Renounce Religion, Potion Petition, Call Merchant, Bribe Branch


You were in the Dungeon.
You worshipped Gozag.
Gozag was greatly pleased with you.
You visited 1 branch You collected 14017 gold pieces.
You spent 6195 gold pieces at shops.
You paid 2109 gold pieces to Gozag.

Inventory:

Hand Weapons
 a - the +11 short sword "Goblinslayer" (weapon) {flame, rC+ rN+ Str+2}
   (You bought it in a shop in the Dungeon)

   It burns those it strikes, dealing additional fire damage.
   Str:       It affects your strength (+2).
   rC:        It protects you from cold.
   rN:        It protects you from negative energy.
Missiles
 m - 5 poisoned darts (quivered)
 t - 4 throwing nets
Armour
 b - a +2 robe of willpower (worn)
 s - a +2 cloak of poison resistance (worn)
 x - a +2 robe of fire resistance
Jewellery
 k - the ring of Netwuos (left hand) {Int+4 Slay+4}
   (You bought it in a shop in the Dungeon)

   [ring of slaying]

   Int:       It affects your intelligence (+4).
   Slay:      It affects your accuracy & damage with ranged weapons and melee
   (+4).
 l - an amulet of reflection (around neck)
 y - a ring of positive energy
 z - a ring of fire
 A - a ring of protection from fire
 C - the ring of the Sturgeon (right hand) {rPois rC++ AC+4}
   (You bought it in a shop in the Dungeon)

   [ring of protection]

   AC:        It affects your AC (+4).
   rC:        It greatly protects you from cold.
   rPois:     It protects you from poison.
Wands
 j - a wand of acid (6)
Scrolls
 h - 2 scrolls of amnesia
 p - 5 scrolls of fog
 q - 6 scrolls of enchant armour
 r - 7 scrolls of enchant weapon
 u - 3 scrolls of vulnerability
 w - a scroll of magic mapping
 B - a scroll of fear
Potions
 d - 6 potions of heal wounds
 e - 5 potions of curing
 f - a potion of haste
 g - 4 potions of magic
 n - a potion of might
 o - 2 potions of brilliance
 v - 2 potions of lignification


   Skills:
 + Level 5.3 Fighting
 + Level 12.5 Short Blades
 + Level 13.7 Dodging
 O Level 27 Stealth
 + Level 3.1 Shields
 + Level 21.6 Spellcasting
 + Level 5.8 Conjurations
 + Level 22.2 Hexes
 + Level 11.1 Ice Magic
 + Level 3.4 Evocations


You had 41 spell levels left.
You knew the following spells:

 Your Spells              Type           Power      Damage    Failure   Level
a - Ensorcelled Hibernat  Hex/Ice        100%       N/A       0%          2
b - Confusing Touch       Hex            86%        N/A       0%          3
c - Tukima's Dance        Hex            86%        N/A       0%          3
d - Dazzling Flash        Conj/Hex       100%       N/A       1%          3
e - Inner Flame           Hex/Fire       62%        N/A       1%          3

Your spell library contained the following spells:

 Spells                   Type           Power      Damage    Failure   Level
 Haunt                    Necr/Summ      11%        N/A       100%        7
 Chain Lightning          Conj/Air       17%        3d22      100%        9
 Fire Storm               Conj/Fire      17%        8d4       100%        9
 Shatter                  Erth           11%        3d12*     100%        9


Dungeon Overview and Level Annotations

Branches:
Dungeon (1/1)

Altars:
Cheibriados
Dithmenos
Elyvilon
Fedhas
Gozag
Hepliaklqana
Kikubaaqudgha
Makhleb
Nemelex Xobeh
Okawaru
Qazlal
Ru
Sif Muna
Trog
Uskayaw
Vehumet
Wu Jian
Xom
Yredelemnul
Zin
The Shining One
Jiyva
Lugonu

Shops:
D :*=?[([


Innate Abilities, Weirdness & Mutations

You are very small and have problems with some larger weapons.
You are too small for most types of armour.
You have supernaturally acute eyesight. (SInv)
You cover ground extremely quickly. (Speed+++)


Message History

You now have 5479 gold pieces (gained 45).
Things that are here:
a +0 halberd; a +0 plate armour You now have 5542 gold pieces (gained 63).
Things that are here:
a +0 trident; a boomerang; a +0 chain mail You now have 5587 gold pieces (gained 45).
You see here a +0 short sword.
You now have 5713 gold pieces (gained 126).
You see here a +0 short sword.
Things that are here:
a +0 trident; a boomerang; a +0 chain mail
Things that are here:
a +0 halberd; a +0 plate armour
Things that are here:
a +3 vorpal battleaxe; a +0 plate armour
Items here: )) [[.
Things that are here:
a +0 hand axe; a +0 leather armour You open the door.
A spriggan berserker, a rakshasa, 2 stone giants, a fire dragon and a walking divine tome come into view.
The spriggan berserker is wielding a +2 antimagic war axe.
The rakshasa is wielding a +0 long sword and wearing a +2 robe of fire resistance.
The spriggan berserker shouts!
The stone giant shouts! x2
The fire dragon roars deafeningly!
You hear a shout!
You hear a horrible gurgling sound!
The spriggan berserker utters an invocation to Trog.
The spriggan berserker goes berserk!
Unknown command.
You feel yourself speed up.
The spriggan berserker hits you with a +2 antimagic war axe!!!
Ouch! That really hurt!
You feel your power leaking away.
The spriggan berserker attacks as you move away!
The spriggan berserker closely misses you.
The rakshasa weaves an illusion.
The spriggan berserker attacks as you move away!
The spriggan berserker hits you with a +2 antimagic war axe!!!
Ouch! That really hurt!
You die...
Your body crumbles into a pile of gold.

▓▓▓▓▓▓▓▓▓▓▓▓▓▓▓▓▓▓▓▓▓▓▓▓▓
▓.............@i..'RC.CD;
▓.▓▓▓▓▓▓▓▓▓▓▓▓▓▓▓▓▓▓▓▓▓▓▓▓▓▓▓▓▓
▓..............................
▓▓▓▓▓▓▓▓▓▓▓▓▓▓▓▓♣♣♣♣♣♣♣♣♣♣▓▓▓▓▓
▓........)......))[))..∩..'...)
▓.▓▓▓▓▓▓▓▓▓▓▓▓▓▓♣♣♣♣♣♣♣♣♣♣▓▓▓▓▓
▓..............................
▓▓▓▓▓▓▓▓▓▓▓▓▓▓▓▓▓▓▓▓▓▓▓▓▓▓▓▓▓▓▓
▓.........'.=...)))))))).[[[[[[


You could see a stone giant, a rakshasa and a spriggan berserker (berserk).

Vanquished Creatures
  Saint Roka (D)
  Agnes (D)
  A tengu reaver (D)
  A frost giant (D)
  4 stone giants (D)
  An eleionoma (D)
  Nessos (D)
  Snorg (D)
  2 merfolk impalers (D)
  A hydra (D)
  Harold (D)
  Erolcha (D)
  2 two-headed ogres (D)
  A catoblepas (D)
  2 alligators (D)
  A radroach (D)
  2 centaur warriors (D)
  2 tengu warriors (D)
  An anaconda (D)
  A deep troll shaman (D)
  A naga sharpshooter (D)
  Urug (D)
  A pharaoh ant (D)
  3 goliath frogs (D)
  A sea snake (D)
  2 spriggan druids (D)
  An orb spider (D)
  A swamp dragon (D)
  An orc knight (D)
  A naga ritualist (D)
  3 wolf spiders (D)
  2 ugly things (D)
  7 orc sorcerers (D)
  3 manticores (D)
  2 guardian serpents (D)
  A naga mage (D)
  3 black mambas (D)
  Joseph (D)
  8 elephants (D)
  A gargoyle (D)
  A torpor snail (D)
  3 cane toads (D)
  A freezing wraith (D)
  A demonic crawler (D)
  A komodo dragon (D)
  3 merfolk (D)
  A troll (D)
  A wind drake (D)
  2 slime creatures (D)
  A blink frog (D)
  A jumping spider (D)
  A spriggan (shapeshifter) (D)
  2 yaks (D)
  Eustachio (D)
  A vampire (D)
  2 water moccasins (D)
  An acid dragon (D)
  A naga (D)
  13 orc warriors (D)
  A black bear (D)
  A phantom (D)
  2 kobold brigands (D)
  6 bullfrogs (D)
  4 orc priests (D)
  11 orc wizards (D)
  An adder (D)
  10 orcs (D)
  2 goblins (D)
  A hobgoblin (D)
  2 kobolds (D)
151 creatures vanquished.

Vanquished Creatures (others)
  A cyclops (D)
1 creature vanquished.

Grand Total: 152 creatures vanquished

Notes
Turn   | Place    | Note
-------+----------+-------------------------------------------
     0 | D        | mhtbhm the Spriggan Enchanter began the quest for the Orb.
     0 | D        | Reached XP level 1. HP: 9/9 MP: 5/5
    24 | D        | Reached skill level 5 in Stealth
   208 | D        | Noticed a black bear
   208 | D        | Noticed a phantom
   215 | D        | Killed a black bear
   216 | D        | Reached skill level 5 in Dodging
   216 | D        | Reached skill level 9 in Stealth
   216 | D        | Reached XP level 2. HP: 7/13 MP: 6/8
   216 | D        | Reached XP level 3. HP: 9/16 MP: 6/9
   216 | D        | Reached XP level 4. HP: 12/21 MP: 7/11
   226 | D        | Killed a phantom
   227 | D        | Reached skill level 10 in Stealth
   227 | D        | Reached skill level 5 in Spellcasting
   227 | D        | Reached XP level 5. HP: 6/24 MP: 8/13
   266 | D        | Learned a level 2 spell: Ensorcelled Hibernation
   270 | D        | Learned a level 3 spell: Confusing Touch
   274 | D        | Learned a level 3 spell: Tukima's Dance
   278 | D        | Learned a level 3 spell: Dazzling Flash
   278 | D        | Found a snail-covered altar of Cheibriados.
   278 | D        | Found a shadowy altar of Dithmenos.
   278 | D        | Found a white marble altar of Elyvilon.
   278 | D        | Found a blossoming altar of Fedhas.
   278 | D        | Found an opulent altar of Gozag.
   279 | D        | Found a hazy altar of Hepliaklqana.
   280 | D        | Found a viscous altar of Jiyva.
   281 | D        | Found an ancient bone altar of Kikubaaqudgha.
   282 | D        | Found a corrupted altar of Lugonu.
   283 | D        | Found a burning altar of Makhleb.
   284 | D        | Found a sparkling altar of Nemelex Xobeh.
   285 | D        | Found an iron altar of Okawaru.
   287 | D        | Became a worshipper of Gozag Ym Sagoz the Greedy
   288 | D        | Found a stormy altar of Qazlal.
   289 | D        | Found a sacrificial altar of Ru.
   290 | D        | Found a shimmering blue altar of Sif Muna.
   291 | D        | Found a bloodstained altar of Trog.
   292 | D        | Found a hide-covered altar of Uskayaw.
   293 | D        | Found a radiant altar of Vehumet.
   294 | D        | Found an ornate altar of the Wu Jian Council.
   295 | D        | Found a shimmering altar of Xom.
   296 | D        | Found a basalt altar of Yredelemnul.
   297 | D        | Found a glowing silver altar of Zin.
   298 | D        | Found a glowing golden altar of the Shining One.
   501 | D        | Noticed a two-headed ogre
   501 | D        | Noticed a vampire
   501 | D        | Noticed a two-headed ogre
   509 | D        | Killed a two-headed ogre
   510 | D        | Reached skill level 15 in Stealth
   510 | D        | Reached skill level 10 in Hexes
   510 | D        | Reached XP level 6. HP: 12/29 MP: 12/17
   510 | D        | Reached XP level 7. HP: 13/32 MP: 12/18
   513 | D        | Killed a vampire
   514 | D        | Reached skill level 1 in Fighting
   514 | D        | Reached skill level 1 in Evocations
   514 | D        | Reached XP level 8. HP: 28/37 MP: 13/20
   525 | D        | Killed a two-headed ogre
   526 | D        | Reached skill level 10 in Dodging
   526 | D        | Reached skill level 17 in Stealth
   635 | D        | Noticed a slime creature
   635 | D        | Noticed a gargoyle
   635 | D        | Noticed a brown ugly thing
   635 | D        | Noticed a slime creature
   635 | D        | Noticed a troll
   651 | D        | Killed a slime creature
   652 | D        | Reached skill level 1 in Ice Magic
   757 | D        | Killed a brown ugly thing
   758 | D        | Reached skill level 18 in Stealth
   758 | D        | Reached XP level 9. HP: 33/42 MP: 19/23
   836 | D        | Killed a gargoyle
   837 | D        | Reached skill level 19 in Stealth
   899 | D        | Killed a troll
   900 | D        | Reached skill level 10 in Spellcasting
  1068 | D        | Noticed a cane toad
  1068 | D        | Noticed a cane toad
  1068 | D        | Noticed a komodo dragon
  1069 | D        | Noticed a seven-headed hydra
  1071 | D        | Noticed a cane toad
  1072 | D        | Killed a cane toad
  1075 | D        | Killed a cane toad
  1076 | D        | Reached skill level 20 in Stealth
  1078 | D        | Killed a komodo dragon
  1079 | D        | Reached XP level 10. HP: 47/47 MP: 22/26
  1081 | D        | Killed a seven-headed hydra
  1082 | D        | Reached skill level 21 in Stealth
  1092 | D        | Killed a cane toad
  1175 | D        | Noticed a catoblepas
  1180 | D        | Noticed a black mamba
  1181 | D        | Killed a catoblepas
  1182 | D        | Reached skill level 22 in Stealth
  1182 | D        | Reached skill level 5 in Ice Magic
  1200 | D        | Killed a black mamba
  1266 | D        | Noticed an elephant
  1266 | D        | Noticed an elephant
  1266 | D        | Noticed an elephant
  1266 | D        | Noticed an elephant
  1266 | D        | Noticed an elephant
  1266 | D        | Noticed an elephant
  1267 | D        | Noticed an elephant
  1268 | D        | Killed an elephant
  1269 | D        | Reached skill level 23 in Stealth
  1269 | D        | Noticed an elephant
  1277 | D        | Killed an elephant
  1283 | D        | Killed an elephant
  1317 | D        | Killed an elephant
  1318 | D        | Reached skill level 15 in Hexes
  1318 | D        | Reached XP level 11. HP: 38/51 MP: 4/29
  1466 | D        | Reached skill level 24 in Stealth
  1617 | D        | Noticed Eustachio
  1621 | D        | Noticed Urug
  1624 | D        | Killed Eustachio
  1629 | D        | Killed Urug
  1651 | D        | Noticed Joseph
  1658 | D        | Killed Joseph
  1669 | D        | Noticed Harold
  1676 | D        | Killed Harold
  1713 | D        | Noticed a stone giant
  1981 | D        | Killed a stone giant
  1982 | D        | Reached skill level 25 in Stealth
  2122 | D        | Noticed an orc knight
  2192 | D        | Reached skill level 15 in Spellcasting
  2209 | D        | Killed an orc knight
  2289 | D        | Reached skill level 26 in Stealth
  2383 | D        | Found Pehutajo's Magic Scroll Emporium.
  2383 | D        | Noticed an orc sorcerer
  2383 | D        | Noticed an orc sorcerer
  2384 | D        | Noticed an orc sorcerer
  2386 | D        | Noticed a sixfirhy
  2711 | D        | Killed an orc sorcerer
  2749 | D        | Killed an orc sorcerer
  2754 | D        | Killed an orc sorcerer
  2792 | D        | Noticed an orc sorcerer
  2818 | D        | Killed an orc sorcerer
  2919 | D        | Found Puhinkolel's Antique Armour Shoppe.
  2923 | D        | Found Demelon's Weapon Emporium.
  2927 | D        | Found Looskyrch's Antique Armour Shoppe.
  2929 | D        | Noticed an orc sorcerer
  2930 | D        | Noticed an orc sorcerer
  2933 | D        | Noticed a sixfirhy
  2933 | D        | Noticed an orc sorcerer
  2938 | D        | Killed an orc sorcerer
  2939 | D        | Reached XP level 12. HP: 50/56 MP: 28/32
  2945 | D        | Reached skill level 1 in Conjurations
  2982 | D        | Bought a scroll of enchant weapon for 75 gold pieces
  2982 | D        | Bought a scroll of fog for 20 gold pieces
  2982 | D        | Bought 3 scrolls of vulnerability for 225 gold pieces
  2982 | D        | Bought a scroll of enchant armour for 75 gold pieces
  2982 | D        | Bought a scroll of enchant armour for 75 gold pieces
  2982 | D        | Bought a scroll of fog for 20 gold pieces
  2982 | D        | Bought a scroll of identify for 20 gold pieces
  2982 | D        | Bought a scroll of magic mapping for 35 gold pieces
  2989 | D        | Bought the +11 short sword "Goblinslayer" {flame, rC+ rN+
                  | Str+2} for 828 gold pieces
  2992 | D        | Bought a glowing robe for 107 gold pieces
  2996 | D        | Bought a runed robe for 85 gold pieces
  3063 | D        | Noticed Erolcha
  3070 | D        | Killed Erolcha
  3071 | D        | Reached skill level 27 in Stealth
  3237 | D        | Found the +5 sword of Power {vorpal}
  3290 | D        | Bought the ring of Netwuos {Int+4 Slay+4} for 1681 gold
                  | pieces
  3290 | D        | Bought an amulet of reflection for 540 gold pieces
  3290 | D        | Bought the ring of the Sturgeon {rPois rC++ AC+4} for 1164
                  | gold pieces
  3300 | D        | Bought a viscous coppery potion for 23 gold pieces
  3300 | D        | Bought a scroll of identify for 52 gold pieces
  3304 | D        | Noticed a tengu warrior
  3304 | D        | Noticed a centaur warrior
  3305 | D        | Noticed a centaur warrior
  3306 | D        | Killed a tengu warrior
  3312 | D        | Noticed a stone giant
  3321 | D        | Reached skill level 10 in Short Blades
  3321 | D        | Noticed a tengu reaver
  3322 | D        | Noticed a deep troll shaman
  3325 | D        | Killed a centaur warrior
  3326 | D        | Noticed a frost giant
  3327 | D        | Noticed a stone giant
  3330 | D        | Killed a centaur warrior
  3332 | D        | Noticed a tengu warrior
  3333 | D        | Killed a stone giant
  3336 | D        | Noticed a stone giant
  3339 | D        | Killed a tengu reaver
  3342 | D        | Killed a deep troll shaman
  3351 | D        | Killed a frost giant
  3353 | D        | Killed a stone giant
  3356 | D        | Killed a stone giant
  3357 | D        | Reached skill level 1 in Shields
  3358 | D        | Killed a tengu warrior
  3481 | D        | Noticed Agnes
  3489 | D        | Killed Agnes
  3495 | D        | Noticed Nessos
  3502 | D        | Killed Nessos
  3570 | D        | Noticed an alligator
  3570 | D        | Noticed an eleionoma
  3571 | D        | Noticed an alligator
  3574 | D        | Killed an alligator
  3575 | D        | Reached XP level 13. HP: 61/61 MP: 36/36
  3576 | D        | Killed an eleionoma
  3716 | D        | Reached skill level 5 in Conjurations
  3831 | D        | Bought Sif Muna's Secrets of Amassed Guile for 390 gold
                  | pieces
  3831 | D        | Bought a book of Annihilations for 780 gold pieces
  3835 | D        | Learned a level 3 spell: Inner Flame
  3837 | D        | Noticed a merfolk impaler
  3837 | D        | Noticed a merfolk impaler
  3840 | D        | Reached skill level 10 in Ice Magic
  3873 | D        | Killed a merfolk impaler
  3943 | D        | Killed a merfolk impaler
  4611 | D        | Reached skill level 5 in Fighting
  4691 | D        | Noticed Snorg
  4697 | D        | Killed Snorg
  4704 | D        | Noticed Saint Roka
  4711 | D        | Killed Saint Roka
  4820 | D        | Noticed a stone giant
  4820 | D        | Noticed a stone giant
  4820 | D        | Noticed a fire dragon
  4820 | D        | Noticed a walking divine tome
  4825 | D        | Demolished by a spriggan berserker

Illustrated notes

Levels and vault maps discovered:
D:        linesprint [early_d, line_temple, items_1, d_10, items_2, lair_1,
          lair_end, items_3, orc_1, orc_end, items_4, d_15, swamp_1, shoals_1,
          snake_1, spider_1, d_20, vaults_1, items_5, swamp_end, shoals_end,
          snake_end, spider_end, vaults_end, d_27, items_6, zot_1, zot_end,
          crypt_end, forest_end, elf_end, slime_end, tomb_end, abyss_end,
          pan_hell_end]

Skill      XL: |  1  2  3  4  5  6  7  8  9 10 11 12 13 |
---------------+----------------------------------------+-----
Hexes          | 7 8 10 11 12 13 15 16 19 22 | 22.2
Dodging        | 5 6 8 9 10 11 12 13 | 13.7
Stealth        | 9 10 15 18 20 23 26 27 | 27.0
Spellcasting   | 4 5 7 9 11 13 15 18 21 | 21.6
Short Blades   | 2 3 6 7 8 9 10 12 | 12.5
Fighting       | 1 2 3 4 5 |  5.3
Evocations     | 1 2 3 |  3.4
Ice Magic      | 2 4 6 8 9 11 | 11.1
Conjurations   | 4 5 |  5.8
Shields        | 1 3 |  3.1

Action                   |  1- 3 |  4- 6 |  7- 9 | 10-12 | 13-15 || total
-------------------------+-------+-------+-------+-------+-------++-------
Melee: Dagger            |    32 |    13 |    26 |   134 |       ||   205
       Punch             |       |       |       |     4 |       ||     4
       Short sword       |       |       |       |    36 |    84 ||   120
 Cast: Ensorcelled Hiber |       |     1 |    14 |    78 |    24 ||   117
       Confusing Touch   |       |       |     3 |     3 |     8 ||    14
       Dazzling Flash    |       |       |       |    18 |    14 ||    32
Invok: Call Merchant     |       |       |       |     2 |     1 ||     3
Evoke: Wand              |       |     1 |     3 |       |       ||     4
  Use: Potion            |     3 |     1 |     1 |     4 |     1 ||    10
       Scroll            |       |       |       |     2 |     2 ||     4
 Stab: Invisible         |     1 |     4 |       |    26 |    10 ||    41
       Sleeping          |     1 |     1 |     8 |    55 |    23 ||    88
       Confused          |       |       |     4 |     2 |     6 ||    12
       Distracted        |       |       |     1 |     4 |     1 ||     6
Armor: Robe              |     2 |       |       |     4 |     4 ||    10
Dodge: Dodged            |    31 |     7 |     5 |    58 |    51 ||   152
Block: Other             |       |       |       |     6 |    10 ||    16
       Reflection        |       |       |       |       |     1 ||     1

Table legend: (Time is in decaauts)
 A = Elapsed time spent in this place.
 B = Non-inter-level travel time spent in this place.
 C = Inter-level travel time spent in this place.
 D = Time resting spent in this place.
 E = Time spent auto-exploring this place.
 F = Levels seen in this place.
 G = Mean time per level.
                   A        B        C        D        E       F      G
               +--------+--------+--------+--------+--------+-----+--------+
         Total |   3960 |   3960 |      0 |   1298 |   1340 |   1 | 3960.0 |
       Dungeon |   3960 |   3960 |      0 |   1298 |   1340 |   1 | 3960.0 |
               +--------+--------+--------+--------+--------+-----+--------+

Top non-repeatable levels by time:
       D: 3960 daAuts
